 Dungeon Sprint DCSS version 0.29-a0-330-g52719c12eb (webtiles) character file.

Game seed: 14439492712049415135

4882 jt the Imperceptible (level 10, -10/69 HPs)
             Began as an Octopode Enchanter on May 6, 2022.
             Was an Initiate of Gozag.
             Mangled by a spriggan
             ... wielding a +0 dagger
              (13 damage)
             ... in the Dungeon (Sprint IV: "Fedhas' Mad Dash").
             The game lasted 00:05:02 (1081 turns).

jt the Imperceptible (Octopode Enchanter)           Turns: 1081, Time: 00:05:03

Health: -10/69     AC:  1    Str:  7    XL:     10   Next: 50%
Magic:  13/16      EV: 17    Int: 19    God:    Gozag
Gold:   1903       SH:  8    Dex: 18    Spells: 12/17 levels left

rFire   + . .      SeeInvis .   a - +1 dagger
rCold   . . .      Faith    .   t - +1 buckler
rNeg    . . .      Spirit   .   (helmet restricted)
rPois   .          Reflect  .   j - amulet of invisibility {+Inv}
rElec   .          Harm     .   r - ring "Jabyoxu" {rF+ Dex+2}
rCorr   .          Rampage  .   (no ring)
Will    .....      NoTele   +   (no ring)
Stlth   ++++++++++              (no ring)
HPRegen 0.21/turn               (no ring)
MPRegen 0.15/turn               (no ring)
                                (no ring)
                                (no ring)

@: on berserk cooldown, slowed, very slow
A: almost no armour, amphibious, 8 rings, camouflage 1, gelatinous body 1,
(nimble swimmer 1), tentacles
a: Renounce Religion, Evoke Invisibility, Potion Petition, Call Merchant, Bribe
Branch


You were in the Dungeon.
You worshipped Gozag.
Gozag was most pleased with you.
You visited 1 branch You collected 2196 gold pieces.
You spent 293 gold pieces at shops.

Inventory:

Hand Weapons
 a - a +1 dagger (weapon)
Missiles
 q - 27 stones (quivered)
 u - 5 poisoned darts
Armour
 t - a +1 buckler (worn)
Magical Staves
 i - a staff of air
 s - a staff of conjuration
Jewellery
 j - the amulet of invisibility (around mantle) {+Inv}
   (You found it in the Dungeon)

   [amulet of nothing]

   +Inv:      It lets you turn invisible.
 r - the ring "Jabyoxu" (left tentacle) {rF+ Dex+2}
   (You found it in the Dungeon)

   [ring of protection from fire]

   Dex:       It affects your dexterity (+2).
   rF:        It protects you from fire.
Scrolls
 h - a scroll of blinking
 k - a scroll of vulnerability
 m - 2 scrolls of identify
 v - a scroll of magic mapping {unknown}
 w - a scroll of torment {unknown}
Potions
 b - 2 potions of invisibility
 c - 2 potions of curing
 e - 2 potions of haste
 f - 2 potions of magic
 p - a potion of cancellation


   Skills:
 - Level 6.6 Fighting
 - Level 6.7 Short Blades
 - Level 6.9 Dodging
 - Level 24.8 Stealth
 + Level 8.5 Shields
 - Level 4.4 Spellcasting
 + Level 5.5 Hexes
 - Level 5.0 Evocations


You had 12 spell levels left.
You knew the following spells:

 Your Spells              Type           Power      Damage    Failure   Level
a - Ensorcelled Hibernat  Hex/Ice        28%        N/A       8%          2
b - Tukima's Dance        Hex            25%        N/A       4%          3

Your spell library contained the following spells:

 Spells                   Type           Power      Damage    Failure   Level
 Confusing Touch          Hex            25%        N/A       4%          3
 Sandblast                Erth           8%         2d5       16%         1
 Dazzling Flash           Conj/Hex       28%        N/A       16%         3
 Inner Flame              Hex/Fire       14%        N/A       16%         3
 Cause Fear               Hex            12%        N/A       17%         4
 Passwall                 Tmut/Erth      3%         N/A       24%         2
 Stone Arrow              Conj/Erth      8%         3d7       43%         3
 Discord                  Hex            12%        N/A       100%        8


Dungeon Overview and Level Annotations

Branches:
Dungeon (1/1)

Altars:
Cheibriados
Dithmenos
Elyvilon
Gozag
Hepliaklqana
Kikubaaqudgha
Makhleb
Nemelex Xobeh
Okawaru
Qazlal
Ru
Sif Muna
Trog
Uskayaw
Vehumet
Wu Jian
Xom
Yredelemnul
Zin
The Shining One
Beogh
Jiyva
Lugonu

Shops:
D **!(([


Innate Abilities, Weirdness & Mutations

You cannot wear most types of armour.
You are amphibious.
You can wear up to eight rings at the same time.
Your skin changes colour to match your surroundings (Stealth+).
Your rubbery body absorbs attacks. (AC +1, EV +1)
((You are camouflaged when in or above water. (Stealth+)))
You have tentacles for arms and can constrict up to eight enemies at once.


Message History

The spriggan hits you but does no damage.
The spriggan rider hits you but does no damage.
You barely miss the spriggan.
The spriggan is heavily wounded.
You block the spriggan's attack.
The spriggan rider hits you from afar with a +0 spear.
You completely miss the spriggan.
The spriggan is heavily wounded.
The spriggan hits you but does no damage.
The spriggan rider hits you from afar with a +0 spear.
You hit the spriggan.
The spriggan is heavily wounded.
You block the spriggan's attack.
The spriggan rider hits you from afar with a +0 spear!
You miss the spriggan.
The spriggan is heavily wounded.
The spriggan hits you but does no damage.
You block the spriggan rider's attack.
You hit the spriggan.
The spriggan is heavily wounded.
The spriggan hits you with a +0 dagger.
* * * LOW HITPOINT WARNING * * *
The spriggan rider hits you but does no damage.
You hit the spriggan.
The spriggan is severely wounded.
You block the spriggan's attack.
The spriggan rider hits you from afar with a +0 spear.
* * * LOW HITPOINT WARNING * * *
You hit the spriggan.
The spriggan is almost dead.
You feel less wooden. The spriggan hits you with a +0 dagger!
* * * LOW HITPOINT WARNING * * *
You block the spriggan rider's attack.
You closely miss the spriggan. You grab the spriggan.
You squeeze the spriggan, but do no damage.
The spriggan is almost dead.
You constrict the spriggan. The spriggan hits you with a +0 dagger!
You die...
Your body crumbles into a pile of gold.

####################
_.⌠.#.)'.))#....##∩#
._..'..#...#....'..#
_...#..###'##.).##∩#$$ ##
._..#..##∩∩.'...#### ...#
_.⌠.#################...∩#
#########......###.....♣
###.'..'.......'@ii..♣..∩#
##..#..#.P.....####### #
###.##+##.P....# '...#
######## #####


You could see a spriggan rider and a spriggan.

Vanquished Creatures
  A spriggan druid (D)
  6 oklob plants (D)
  A demonic crawler (D)
  3 burning bushes (D)
  A queen bee (D)
  3 wandering mushrooms (D)
  3 scorpions (D)
  4 killer bees (D)
  5 oklob saplings (D)
  3 spriggans (D)
  A river rat (D)
  A rat (D)
  A ballistomycete spore (D)
33 creatures vanquished.

Notes
Turn   | Place    | Note
-------+----------+-------------------------------------------
     0 | D        | jt the Octopode Enchanter began the quest for the Orb.
     0 | D        | Reached XP level 1. HP: 11/11 MP: 3/3
    15 | D        | Reached skill level 7 in Stealth
    15 | D        | Reached XP level 2. HP: 2/17 MP: 5/5
    23 | D        | Noticed an oklob sapling
    24 | D        | Killed an oklob sapling
    25 | D        | Reached skill level 9 in Stealth
    25 | D        | Reached XP level 3. HP: 3/21 MP: 6/6
   279 | D        | Noticed a scorpion
   279 | D        | Found the amulet of invisibility {+Inv}
   281 | D        | Killed a scorpion
   282 | D        | Reached skill level 13 in Stealth
   282 | D        | Reached XP level 4. HP: 27/27 MP: 7/7
   310 | D        | Reached XP level 5. HP: 31/31 MP: 5/8
   312 | D        | Found an opulent altar of Gozag.
   312 | D        | Found a hazy altar of Hepliaklqana.
   312 | D        | Found a snail-covered altar of Cheibriados.
   313 | D        | Found a viscous altar of Jiyva.
   313 | D        | Found a burning altar of Makhleb.
   313 | D        | Found a sparkling altar of Nemelex Xobeh.
   313 | D        | Found a sacrificial altar of Ru.
   313 | D        | Found a shimmering blue altar of Sif Muna.
   313 | D        | Found a bloodstained altar of Trog.
   313 | D        | Found an ornate altar of the Wu Jian Council.
   313 | D        | Found a shimmering altar of Xom.
   313 | D        | Found a basalt altar of Yredelemnul.
   314 | D        | Found an iron altar of Okawaru.
   314 | D        | Found a shadowy altar of Dithmenos.
   314 | D        | Found a glowing silver altar of Zin.
   315 | D        | Found an ancient bone altar of Kikubaaqudgha.
   315 | D        | Found a hide-covered altar of Uskayaw.
   316 | D        | Found a stormy altar of Qazlal.
   316 | D        | Found a white marble altar of Elyvilon.
   316 | D        | Found a glowing golden altar of the Shining One.
   317 | D        | Became a worshipper of Gozag Ym Sagoz the Greedy
   318 | D        | Found a corrupted altar of Lugonu.
   318 | D        | Found a radiant altar of Vehumet.
   322 | D        | Reached skill level 15 in Stealth
   344 | D        | Reached skill level 16 in Stealth
   350 | D        | Reached skill level 17 in Stealth
   350 | D        | Reached XP level 6. HP: 36/36 MP: 7/9
   353 | D        | Reached skill level 18 in Stealth
   375 | D        | Found Gegisk's General Store.
   376 | D        | Found Guon's Assorted Antiques.
   379 | D        | Bought a scroll labelled JOSTYA DOEJO for 19 gold pieces
   379 | D        | Bought a scroll labelled ROGOAS WUYXA for 19 gold pieces
   379 | D        | Bought 3 scrolls labelled ROGOAS WUYXA for 57 gold pieces
   383 | D        | Noticed a burning bush
   383 | D        | Noticed a wandering mushroom
   384 | D        | Noticed a wandering mushroom
   386 | D        | Killed a wandering mushroom
   387 | D        | Reached skill level 20 in Stealth
   387 | D        | Reached XP level 7. HP: 41/41 MP: 7/10
   388 | D        | Killed a burning bush
   389 | D        | Reached skill level 22 in Stealth
   391 | D        | Killed a wandering mushroom
   392 | D        | Reached skill level 23 in Stealth
   392 | D        | Reached XP level 8. HP: 46/46 MP: 8/11
   405 | D        | Found Hiqiopi's Antique Weapon Emporium.
   405 | D        | Found Fokkaf's Distillery.
   412 | D        | Bought a potion of heal wounds for 55 gold pieces
   412 | D        | Bought a potion of haste for 110 gold pieces
   412 | D        | Bought a potion of lignification for 33 gold pieces
   459 | D        | Noticed a queen bee
   466 | D        | Killed a queen bee
   474 | D        | Noticed an oklob plant
   477 | D        | Killed an oklob plant
   478 | D        | Reached skill level 5 in Dodging
   478 | D        | Reached skill level 24 in Stealth
   478 | D        | Reached XP level 9. HP: 59/59 MP: 12/12
   497 | D        | Learned a level 2 spell: Ensorcelled Hibernation
   501 | D        | Learned a level 3 spell: Tukima's Dance
   507 | D        | Noticed a burning bush
   509 | D        | Identified the ring "Jabyoxu" {rF+ Dex+2}
   510 | D        | Killed a burning bush
   511 | D        | Reached skill level 5 in Short Blades
   523 | D        | Noticed a burning bush
   523 | D        | Noticed an oklob plant
   524 | D        | Noticed a wandering mushroom
   530 | D        | Killed an oklob plant
   531 | D        | Reached skill level 5 in Fighting
   533 | D        | Killed a wandering mushroom
   560 | D        | HP: 1/62 [burning bush/puff of flame (3)]
   865 | D        | Killed a burning bush
   866 | D        | Reached skill level 5 in Hexes
   894 | D        | Noticed a spriggan druid
   895 | D        | Killed a spriggan druid
   896 | D        | Reached XP level 10. HP: 69/69 MP: 16/16
   917 | D        | Noticed an oklob plant conjurer
   918 | D        | Killed an oklob plant conjurer
   997 | D        | Noticed an oklob plant
   997 | D        | Noticed an oklob plant summoner
   998 | D        | Noticed an oklob plant shifter
  1002 | D        | Killed an oklob plant
  1003 | D        | Reached skill level 5 in Shields
  1004 | D        | Killed an oklob plant summoner
  1007 | D        | Killed an oklob plant shifter
  1008 | D        | Reached skill level 5 in Evocations
  1010 | D        | Noticed a demonic crawler
  1012 | D        | Killed a demonic crawler
  1032 | D        | Noticed a spriggan rider
  1033 | D        | Found Ziugig's Antique Weapon Emporium.
  1034 | D        | Found Zaepidoc's Antique Armour Shoppe.
  1080 | D        | HP: 3/69 [spriggan/+0 dagger (14)]
  1081 | D        | Mangled by a spriggan

Illustrated notes

Levels and vault maps discovered:
D:        dungeon_sprint_fedhas [sprint_temple]

Skill      XL: |  1  2  3  4  5  6  7  8  9 10 |
---------------+-------------------------------+-----
Stealth        | 7 9 13 17 20 23 24 | 24.8
Fighting       | 4 6 |  6.6
Short Blades   | 4 6 |  6.7
Dodging        | 5 6 |  6.9
Spellcasting   | 4 |  4.4
Hexes          | 5 |  5.5
Shields        | 8 |  8.5
Evocations     | 5 |  5.0

Action                   |  1- 3 |  4- 6 |  7- 9 | 10-12 || total
-------------------------+-------+-------+-------+-------++-------
Melee: Dagger            |    11 |     7 |    34 |    40 ||    92
       Tentacles         |     2 |       |     8 |     1 ||    11
       Constrict         |     1 |       |     1 |     1 ||     3
       Punch             |       |       |       |     1 ||     1
 Cast: Tukima's Dance    |       |       |       |     2 ||     2
 Abil: Evoke Invisibilit |       |     3 |     1 |     1 ||     5
  Use: Scroll            |       |       |       |     4 ||     4
       Potion            |       |       |       |     4 ||     4
 Stab: Sleeping          |     2 |     7 |    13 |     6 ||    28
       Distracted        |       |       |     1 |       ||     1
Armor: Skin              |       |       |       |    18 ||    18
Dodge: Dodged            |    11 |       |       |     2 ||    13
Block: Buckler           |       |       |       |    16 ||    16

Table legend: (Time is in decaauts)
 A = Elapsed time spent in this place.
 B = Non-inter-level travel time spent in this place.
 C = Inter-level travel time spent in this place.
 D = Time resting spent in this place.
 E = Time spent auto-exploring this place.
 F = Levels seen in this place.
 G = Mean time per level.
                   A        B        C        D        E       F      G
               +--------+--------+--------+--------+--------+-----+--------+
         Total |   1062 |   1030 |     32 |    619 |      0 |   1 | 1062.0 |
       Dungeon |   1062 |   1030 |     32 |    619 |      0 |   1 | 1062.0 |
               +--------+--------+--------+--------+--------+-----+--------+

Top non-repeatable levels by time:
       D: 1062 daAuts
